AoeStats
← dark_29

Arena

510405965Analyzed
3v3 RM · 3d ago on Sep 30, 2026· 40m 9s· 6 players
Game mode
Random Map
Map size
Normal (6 player)
Population
200
Speed
Normal
Resources
Standard
Victory
Conquest
Starting age
Dark Age
Ending age
Imperial Age
RankedLock teamsTeams togetherTeam positionsShared explorationLock speedFull tech treeHidden civsTurbo modeCheats
Victory
Defeat
🇬🇧 Celts · United Kingdom
986
+14
🇬🇧 Burgundians · United Kingdom
982
+14
🇬🇧 Persians · United Kingdom
856
+19
🇫🇷 Goths · France
1006
-18
🇫🇷 Persians · France
945
-16
🇧🇪 Slavs · Belgium
865
-27
123
4:46 Loom
11:33 Feudal Age
15:17 Castle Age
16:06 Double-Bit Axe
Budokido
10:39 Feudal Age
11:20 Double-Bit Axe
11:53 Horse Collar
12:53 Gold Mining
18:32 Castle Age
16:49 Stone Mining
22:51 Gold Shaft Mining
24:06 Bow Saw
26:27 Husbandry
26:37 Bloodlines
27:30 Heavy Plow
30:09 Wheelbarrow
32:41 Imperial Age
31:21 Detinets
31:37 Scale Barding Armor
31:42 Forging
32:01 Hand Cart
33:47 Chain Barding Armor
34:08 Elite Boyar
36:13 Two-Man Saw
35:46 Crop Rotation
37:30 Town Watch
37:31 Loom
38:25 Hoardings
38:09 Fletching
40:16 Plate Barding Armor
dark_29
0:26 Loom
10:11 Feudal Age
10:43 Double-Bit Axe
12:48 Horse Collar
18:12 Castle Age
16:13 Gold Mining
17:33 Bloodlines
18:31 Forging
19:00 Bow Saw
18:56 Husbandry
22:04 Stone Mining
25:08 Heavy Plow
26:40 Murder Holes
27:46 Kamandaran
29:01 Wheelbarrow
28:27 Fletching
28:39 Padded Archer Armor
28:25 Crossbowman
30:49 Leather Archer Armor
30:57 Bodkin Arrow
32:04 Town Watch
35:47 Imperial Age
33:46 Masonry
35:45 Iron Casting
35:38 Cavalier
38:16 Chemistry
37:37 Ballistics
m9rc
0:51 Loom
11:58 Feudal Age
12:49 Double-Bit Axe
12:49 Horse Collar
19:37 Castle Age
19:13 Forging
22:28 Bow Saw
24:28 Gold Mining
27:07 Scale Barding Armor
26:53 Fletching
28:50 Chain Barding Armor
29:14 Iron Casting
29:18 Bloodlines
32:14 Husbandry
31:50 Pikeman
33:07 Scale Mail Armor
33:18 Heavy Plow
35:11 Ballistics
34:47 Murder Holes
36:19 Wheelbarrow
43:01 Imperial Age
40:47 Hand Cart
Erkenbrand
8:05 Double-Bit Axe
10:16 Wheelbarrow
11:52 Feudal Age
12:00 Horse Collar
14:22 Bow Saw
16:38 Castle Age
15:20 Scale Mail Armor
24:18 Chain Mail Armor
24:39 Forging
27:54 Gold Mining
31:31 Arson
32:12 Squires
35:02 Loom
38:16 Imperial Age
38:43 Elite Coustillier
39:44 Conscription
39:33 Burgundian Vineyards
Deathwings
1:48 Loom
3:35 Loom
11:36 Feudal Age
16:31 Castle Age
14:54 Double-Bit Axe
15:17 Stone Mining
16:09 Horse Collar
16:30 Gold Mining
26:08 Bow Saw
27:01 Pikeman
35:06 Imperial Age
33:12 Wheelbarrow
32:23 Town Watch
32:33 Fletching
33:44 Ballistics
33:58 Bodkin Arrow
34:03 Murder Holes
34:18 Masonry
37:17 Gold Shaft Mining
36:51 Heavy Plow
37:41 Hand Cart
38:05 Onager
39:28 Heavy Scorpion
40:22 Gambesons
Connection lost

Rejoining the realm…

Still unreachable

The connection could not be restored.

Session expired

The server has moved on; the page needs a fresh start.